 Dungeon Crawl Stone Soup version 0.14-a0-2100-g3cf34dd (webtiles) character file.

709 Kae the Basher (level 7, -11/57 HPs)
             Began as a Minotaur Berserker on Jan 26, 2014.
             Was a Priest of Trog.
             Mangled by an ogre
             ... wielding a +0,+0 giant spiked club
              (19 damage)
             ... on Level 4 of the Dungeon.
             The game lasted 00:04:16 (2878 turns).

Kae the Basher (Minotaur Berserker)                 Turns: 2878, Time: 00:04:17

HP -11/57        AC  5     Str 24      XL: 7   Next: 14%
MP   3/3         EV 12     Int  6      God: Trog [***...]
Gold 128         SH  0     Dex  9      Spells:  0 memorised,  6 levels left

rFire  . . .     SeeInvis .     a - +0 mace (curse)
rCold  . . .     Clarity  +     b - +0 animal skin (curse)
rNeg   . . .     Conserve .     (no shield)
rPois  .         rCorr    .     (helmet restricted)
rElec  .         rRot     .     j - +2 dwarf cloak
SustAb . .       Spirit   .     (no gloves)
rMut   .         Warding  .     (no boots)
Saprov . . .     Stasis   .     (no amulet)
MR     .....                    (no ring)
                                h - cursed ring of flight

@: quite poisoned, not resistant to hostile enchantments, very unstealthy
A: retaliatory headbutt, horns 2, clarity, sense surroundings 1, strong 1
a: Burn Spellbooks, Berserk, Trog's Hand, Renounce Religion, Evoke Flight


You were on level 4 of the Dungeon.
You worshipped Trog.
Trog was most pleased with you.
You were not hungry.

You visited 1 branch of the dungeon, and saw 4 of its levels.

You collected 128 gold pieces.

Inventory:

Hand weapons
 a - a cursed +0,+0 mace (weapon)
Armour
 b - a cursed +0 animal skin (worn)
 j - a +2 dwarven cloak (worn)
Comestibles
 c - 2 bread rations
 f - a meat ration
 s - a choko
Scrolls
 d - 4 scrolls of remove curse
 m - 2 scrolls of magic mapping {unknown}
 q - 3 scrolls of curse jewellery
 r - a scroll of fog
 u - 2 scrolls of identify {unknown}
Jewellery
 h - a cursed ring of flight (left hand)
 i - an uncursed ring of teleportation
Potions
 g - a potion of flight
 l - a potion of brilliance
 t - a potion of might


   Skills:
 - Level 3.6 Fighting
 + Level 9.9 Maces & Flails
 - Level 2.4 Armour
 - Level 2.1 Dodging


You had 6 spell levels left.
You didn't know any spells.

Dungeon Overview and Level Annotations

Branches:
Dungeon (4/16)
 Temple: D:4-7

Altars:
Xom
Zin


Innate Abilities, Weirdness & Mutations

You reflexively headbutt those who attack you in melee.
You have a pair of horns on your head.
You possess an exceptional clarity of mind.
You passively map a small area around you.
Your muscles are strong. (Str +2)


Message History

You offer a prayer to Trog.
Trog is most pleased with you.
An ogre is nearby!
As you close the door, it creaks loudly!
You start resting.
An ogre opens the door.
It is wielding a giant spiked club.
You hit the ogre.
The ogre is lightly wounded.
You barely miss the ogre.
The ogre is lightly wounded.
The ogre hits you with a giant spiked club!
* * * LOW HITPOINT WARNING * * *
You are too injured to fight recklessly!
Drink which item? (? for menu, Esc to quit)
That liquid tasted very nasty...
You are poisoned.
It was a potion of poison.
* * * LOW HITPOINT WARNING * * *
You feel sick.
The ogre hits you with a giant spiked club!
You die...

, * **
##+##############..
#..........#....'...
#..........'.#* * ,
#..........###
#..@O......# ,
#..........# ,
#####'###### #..# *
####'#######
#..........# *
#..........+
#..........#
#..........#


You could see an ogre.

Vanquished Creatures
  The ghost of Kae the Basher, an average MiBe of Trog (D:4)
  Sigmund (D:4)
  A vampire bat (D:3)
  An orc priest (D:3)
  A worker ant (D:4)
  Ijyb (D:2)
  2 adders (D:2)
  2 worms
  3 fire bats (D:3)
  5 giant geckos
  An ooze (D:1)
  10 orcs
  2 spectral bats (D:3)
  2 ball pythons
  3 bat skeletons (D:3)
  A bat zombie (D:3)
  2 giant cockroaches
  4 hobgoblins
  9 kobolds
  2 quokkas
  17 bats
  A bat simulacrum (D:3)
  3 giant newts
  5 goblins
  5 jackals
  6 rats
  A rat skeleton (D:4)
92 creatures vanquished.

Notes
Turn   | Place    | Note
--------------------------------------------------------------
     0 | D:1      | Kae, the Minotaur Berserker, began the quest for the Orb.
     0 | D:1      | Reached XP level 1. HP: 19/19 MP: 1/1
   320 | D:1      | Reached skill level 4 in Maces & Flails
   397 | D:1      | Reached XP level 2. HP: 17/26 MP: 1/1
   949 | D:2      | Reached skill level 5 in Maces & Flails
   955 | D:2      | Reached XP level 3. HP: 29/31 MP: 2/2
   968 | D:2      | Acquired Trog's second power
  1255 | D:2      | Noticed Ijyb
  1272 | D:2      | Killed Ijyb
  1536 | D:3      | Found a glowing silver altar of Zin.
  1610 | D:3      | Reached XP level 4. HP: 30/39 MP: 2/2
  1614 | D:3      | Reached skill level 6 in Maces & Flails
  1653 | D:3      | Found a shimmering altar of Xom.
  1653 | D:3      | Found a shimmering altar of Xom.
  1654 | D:3      | Found a shimmering altar of Xom.
  1654 | D:3      | Found a shimmering altar of Xom.
  1654 | D:3      | Found a shimmering altar of Xom.
  1656 | D:3      | Found a shimmering altar of Xom.
  2032 | D:3      | Found a shimmering altar of Xom.
  2328 | D:3      | Reached XP level 5. HP: 42/45 MP: 2/2
  2403 | D:3      | Reached skill level 7 in Maces & Flails
  2488 | D:3      | Reached skill level 8 in Maces & Flails
  2544 | D:4      | Reached XP level 6. HP: 43/51 MP: 3/3
  2713 | D:4      | Noticed Kae's ghost (average MiBe)
  2720 | D:4      | Killed Kae's ghost
  2720 | D:4      | Reached skill level 9 in Maces & Flails
  2757 | D:4      | Noticed Sigmund
  2785 | D:4      | Gained mutation: You possess an exceptional clarity of mind. [potion of mutation]
  2785 | D:4      | Gained mutation: Your muscles are strong. (Str +2) [potion of mutation]
  2785 | D:4      | Gained mutation: You passively map a small area around you. [potion of mutation]
  2788 | D:4      | Killed Sigmund
  2788 | D:4      | Reached XP level 7. HP: 14/57 MP: 3/3
  2878 | D:4      | Mangled by an ogre

Action                   |  1- 3 |  4- 6 |  7- 9 || total
-------------------------+-------+-------+-------++-------
Melee: Mace              |    69 |   122 |     2 ||   193
Invok: Berserk           |       |     1 |       ||     1
  Use: Scroll            |     9 |       |       ||     9
       Potion            |     2 |     6 |     1 ||     9
